 Dungeon Crawl Stone Soup version 0.26-a0-648-g87339cca5e (webtiles) character file.

Game seed: 7815034847619805881

1671 Colgate the Slinger (level 8, 40/67 HPs)
             Began as a Deep Dwarf Gladiator on Sept 25, 2020.
             Was a Believer of Trog.
             Quit the game on level 4 of the Dungeon.
             The game lasted 00:47:38 (5319 turns).

Colgate the Slinger (Deep Dwarf Gladiator)          Turns: 5319, Time: 00:47:38

Health: 40/67      AC:  7    Str: 18    XL:     8   Next: 70%
Magic:  8/8        EV: 28    Int:  9    God:    Trog [**....]
Gold:   306        SH:  0    Dex: 16    Spells: 7/7 levels left

rFire    . . .     SeeInvis .   a - +0 hunting sling
rCold    . . .     Faith    .   (no shield)
rNeg     . . .     Spirit   .   F - +0 ring mail
rPois    .         Reflect  .   c - +0 helmet
rElec    .         Harm     .   (no cloak)
rCorr    .         Rampage  .   (no gloves)
MR       +....     Rnd*Tele +   J - +0 pair of boots
Stlth    ++........             O - amulet of the acrobat
HPRegen  0.00/turn              r - ring of stealth
MPRegen  0.11/turn              P - ring of teleportation (curse)

@: acrobat, non-regenerating
A: damage resistance, heal wounds, sense surroundings 1, no regeneration
a: Heal Wounds, Berserk, Trog's Hand, Renounce Religion


You were on level 4 of the Dungeon.
You worshipped Trog.
Trog was pleased with you.
You visited 1 branch of the dungeon, and saw 5 of its levels.

You collected 306 gold pieces.

Inventory:

Hand Weapons
 a - a +0 hunting sling (weapon)
 b - a +1 hand axe of draining
 f - a +0 war axe
 L - a +1 vampiric short sword
 T - a +0 hand axe of electrocution
Missiles
 d - 3 throwing nets
 m - 206 stones
 n - 64 arrows
 v - 48 bolts
 y - 3 boomerangs
 H - 35 sling bullets (quivered)
 I - 18 poisoned darts
Armour
 c - a +0 helmet (worn)
 l - a +0 scale mail
 u - a +0 leather armour
 F - a +0 ring mail (worn)
 J - a +0 pair of boots (worn)
 N - a +0 chain mail
Jewellery
 r - a ring of stealth (left hand)
 A - an uncursed ring of stealth
 B - an uncursed ring of flight
 O - an amulet of the acrobat (around neck)
 P - a cursed ring of teleportation (right hand)
 S - an uncursed ring of fire
Wands
 E - a wand of paralysis (8)
 K - a wand of iceblast (7)
 M - a wand of digging (6)
 Q - a wand of flame (18)
Scrolls
 e - 11 scrolls of identify {unknown}
 g - 3 scrolls of remove curse {unknown}
 j - 3 scrolls of blinking {unknown}
 o - 2 scrolls of magic mapping {unknown}
 p - a scroll of teleportation {unknown}
 q - 3 scrolls of noise {unknown}
 s - a scroll of fog {unknown}
 t - a scroll of enchant weapon {unknown}
 w - a scroll of enchant armour {unknown}
 x - 2 scrolls of fear {unknown}
 C - 4 scrolls of amnesia {unknown}
Potions
 h - 2 potions of resistance {unknown}
 i - 4 potions of magic {unknown}
 k - 3 potions of curing {unknown}
 z - 2 potions of flight {unknown}
 D - 3 potions of cancellation {unknown}
 G - a potion of mutation {unknown}
 R - a potion of invisibility {unknown}
 U - 2 potions of degeneration {unknown}


   Skills:
 - Level 2.0 Fighting
 - Level 6.3 Axes
 + Level 10.2(10.3) Slings
 - Level 1.7(5.6) Throwing
 - Level 2.0 Armour
 - Level 4.0 Dodging


You had 7 spell levels left.
You didn't know any spells.
Your spell library was empty.

Dungeon Overview and Level Annotations

Branches:
Dungeon (5/15)
 Temple: D:4-7

Altars:
Fedhas
Gozag
Qazlal
Trog
Uskayaw
Vehumet
Yredelemnul
Beogh

Annotations:
D:5 3 runed translucent doors, haldagan's ghost, novice KoBe


Innate Abilities, Weirdness & Mutations

You are resistant to damage.
You can heal yourself by infusing magical energy.
You passively map a small area around you.
You do not regenerate.


Message History

a - a +0 hunting sling (weapon)
U - 2 fuming coppery potions You see here the felid corpse of Natasha.
H - 31 sling bullets (gained 1)
H - 32 sling bullets (gained 1)
H - 33 sling bullets (gained 1)
H - 35 sling bullets (gained 2)
Things that are here:
a +0 dagger; a +0 leather armour
There is a stone staircase leading up here.
Things that are here:
a +0 short sword; a cursed +0 scale mail
Things that are here:
a +0 dagger; a +0 robe
Found a blossoming altar of Fedhas.
Done exploring.
Done exploring.
Search for what [Enter for "d:3", or ? for help]?
Okay, then.
Are you sure you want to abandon this character and quit the game? (Confirm with "yes".)

###......####
##...........###
#..............#
##..............#
#..............##
#..............#
#.............##
##............##
#@............#
#..........#.##
#........###.# #
#.....######.## #
####### ##....##
## ###..##..##
.##
###..#####..##
..## ##..###
###.# #..##
###...# ##.


There were no monsters in sight!

Vanquished Creatures
  Pikel (D:4)
  Prince Ribbit (D:5)
  Duvessa (D:4)
  A sky beast (D:5)
  A lemure (D:4)
  Dowan (D:4)
  A scorpion (D:4)
  A howler monkey (D:5)
  4 hounds
  An orc wizard (D:3)
  An orc priest (D:3)
  2 iguanas (D:4)
  Ijyb (D:3)
  4 worker ants
  Natasha (thrice) (D:4)
  A howler monkey zombie (D:5)
  Robin (D:2)
  8 adders
  A shadow imp (D:4)
  2 oozes
  An adder skeleton (D:5)
  2 worms
  5 dart slugs
  2 leopard geckos
  9 orcs
  5 giant cockroaches
  16 goblins
  12 hobgoblins
  12 jackals
  6 kobolds
  3 quokkas
  2 ball pythons
  2 bats (D:3)
  2 frilled lizards
  13 rats
129 creatures vanquished.

Notes
Turn   | Place    | Note
-------+----------+-------------------------------------------
     0 | D:1      | Colgate the Deep Dwarf Gladiator began the quest for the
                  | Orb.
     0 | D:1      | Reached XP level 1. HP: 19/19 MP: 1/1
    91 | D:1      | Reached XP level 2. HP: 21/26 MP: 2/2
   427 | D:1      | Reached XP level 3. HP: 20/32 MP: 3/3
  1171 | D:2      | Found a stormy altar of Qazlal.
  1288 | D:2      | Noticed Robin
  1469 | D:2      | Killed Robin
  1469 | D:2      | Reached skill level 5 in Axes
  1469 | D:2      | Reached XP level 4. HP: 35/39 MP: 4/4
  1690 | D:2      | Reached skill level 1 in Slings
  2201 | D:3      | You fall into a shaft and drop 2 floors!
  2201 | D:5      | Entered Level 5 of the Dungeon
  2212 | D:5      | Reached skill level 2 in Slings
  2252 | D:5      | Reached XP level 5. HP: 20/45 MP: 5/5
  2454 | D:5      | Noticed a sky beast
  2471 | D:5      | Killed a sky beast
  2528 | D:5      | Reached XP level 6. HP: 52/52 MP: 6/6
  2572 | D:5      | Reached skill level 1 in Armour
  2642 | D:5      | Noticed Prince Ribbit
  2702 | D:5      | Killed Prince Ribbit
  2702 | D:5      | Reached skill level 4 in Slings
  2737 | D:5      | Found a hide-covered altar of Uskayaw.
  2737 | D:5      | Found a bloodstained altar of Trog.
  2744 | D:5      | Became a worshipper of Trog the Wrathful
  2779 | D:5      | Reached XP level 7. HP: 27/58 MP: 7/7
  2800 | D:5      | Reached skill level 5 in Slings
  3007 | D:5      | Found a runed translucent gate.
  3007 | D:5      | Found a runed translucent gate.
  3007 | D:5      | Found a runed translucent gate.
  3009 | D:5      | Noticed haldagan's ghost (novice KoBe)
  3012 | D:5      | Found a roughly hewn altar of Beogh.
  3658 | D:3      | Reached * piety under Trog
  3710 | D:3      | Reached skill level 6 in Slings
  3962 | D:3      | Noticed Ijyb
  3982 | D:3      | Killed Ijyb
  4404 | D:4      | Reached skill level 7 in Slings
  4409 | D:4      | Found a radiant altar of Vehumet.
  4467 | D:4      | Noticed Duvessa
  4470 | D:4      | Noticed Dowan
  4482 | D:4      | Killed Duvessa
  4482 | D:4      | Reached XP level 8. HP: 66/66 MP: 8/8
  4490 | D:4      | Killed Dowan
  4490 | D:4      | Reached skill level 8 in Slings
  4541 | D:4      | Noticed Pikel
  4565 | D:4      | Killed Pikel
  4565 | D:4      | Reached skill level 9 in Slings
  4630 | D:4      | Noticed Natasha
  4638 | D:4      | Killed Natasha
  4638 | D:4      | Reached ** piety under Trog
  4638 | D:4      | Reached skill level 10 in Slings
  4727 | D:4      | Found an opulent altar of Gozag.
  5160 | D:4      | Noticed Natasha
  5169 | D:4      | Killed Natasha
  5191 | D:4      | Found a basalt altar of Yredelemnul.
  5194 | D:4      | Noticed Natasha
  5206 | D:4      | Killed Natasha
  5270 | D:4      | Found a blossoming altar of Fedhas.
  5319 | D:4      | Quit the game

Illustrated notes

Levels and vault maps discovered:
D:1:      matt_arrival_los_fun, layout_basic, lemuel_flame_loot_1
D:2:      layout_loops_ring, lemuel_round_altar, minmay_pentomino_v2, uniq_robin
D:3:      kennysheep_goblin_castle, layout_loops_ring,
          minmay_fractal_squares_diagonal_5, uniq_ijyb
D:4:      layout_cave_pods, lemuel_crystal_altar,
          gammafunk_temple_overflow_wave, old_standard_altar,
          minmay_misc_feat_pillars, uniq_duvessa, uniq_pikel, uniq_natasha
D:5:      layout_loops_cross, gammafunk_temple_overflow_elements,
          biasface_ghost_orc_armoury, uniq_prince_ribbit1

Skill      XL: |  1  2  3  4  5  6  7  8 |
---------------+-------------------------+-----
Axes           | 4 5 6 |  6.3
Dodging        | 4 |  4.0
Slings         | 2 4 7 10 | 10.2
Armour         | 2 |  2.0
Fighting       | 2 |  2.0
Throwing       | |  1.7

Action                   |  1- 3 |  4- 6 |  7- 9 || total
-------------------------+-------+-------+-------++-------
Melee: War axe           |    92 |   103 |    22 ||   217
       Hand axe          |       |       |    64 ||    64
       Short sword       |       |       |    39 ||    39
 Fire: Hunting sling     |    27 |    53 |   119 ||   199
Throw: Stone             |    24 |       |       ||    24
       Boomerang         |       |    13 |       ||    13
       Throwing net      |       |     1 |       ||     1
       Dart              |       |       |     3 ||     3
Invok: Berserk           |       |       |     1 ||     1
 Abil: Heal Wounds       |     1 |     2 |     2 ||     5
Evoke: Wand              |       |       |     2 ||     2
Armor: Leather armour    |    21 |    10 |       ||    31
       Scale mail        |       |     1 |       ||     1
       Skin              |       |     1 |       ||     1
       Ring mail         |       |     9 |    42 ||    51
Dodge: Dodged            |    56 |    75 |    78 ||   209

Table legend: (Time is in decaauts)
 A = Elapsed time spent in this place.
 B = Non-inter-level travel time spent in this place.
 C = Inter-level travel time spent in this place.
 D = Time resting spent in this place.
 E = Time spent auto-exploring this place.
 F = Levels seen in this place.
 G = Mean time per level.
                   A        B        C        D        E       F      G
               +--------+--------+--------+--------+--------+-----+--------+
         Total |   5328 |   4997 |    331 |      0 |   3615 |   5 | 1065.6 |
       Dungeon |   5328 |   4997 |    331 |      0 |   3615 |   5 | 1065.6 |
               +--------+--------+--------+--------+--------+-----+--------+

Top non-repeatable levels by time:
     D:2: 1122 daAuts
     D:1: 1122 daAuts
     D:3: 1117 daAuts
     D:4: 990 daAuts
     D:5: 975 daAuts
